 Dungeon Crawl Stone Soup version 0.22-a0-533-g4d20840e7c (webtiles) character file.

287 8fpsbossfight the Conjurer (level 5, -1/38 HPs)
             Began as a Demigod Fire Elementalist on June 22, 2018.
             Slain by a black bear (7 damage)
             ... on level 4 of the Dungeon.
             The game lasted 00:09:15 (3862 turns).

8fpsbossfight the Conjurer (DgFE)                   Turns: 3862, Time: 00:09:16

Health: -1/38      AC:  7    Str: 11    XL:     5   Next: 81%
Magic:  4/11       EV: 12    Int: 21    God:
Gold:   128        SH:  0    Dex: 16    Spells: 5/9 levels left

rFire    . . .     SeeInvis .   d - +0 whip
rCold    . . .     Gourm    .   (no shield)
rNeg     . . .     Faith    .   m - +0 leather armour
rPois    .         Spirit   .   v - +0 helmet (curse)
rElec    .         Reflect  .   b - +2 cloak
rCorr    .         Harm     .   (no gloves)
MR       .....                  (no boots)
Stlth    ++........             (no amulet)
HPRegen  0.12/turn              (no ring)
MPRegen  0.12/turn              (no ring)

@: no status effects
A: high mp 1
a: no special abilities


You were on level 4 of the Dungeon.
You were not hungry.

You visited 1 branch of the dungeon, and saw 4 of its levels.

You collected 128 gold pieces.

Inventory:

Hand Weapons
 d - a +0 whip (weapon)
   (You took it off a kobold on level 1 of the Dungeon)
 f - a +0 hunting sling
   (You took it off a goblin on level 3 of the Dungeon)
Missiles
 a - 54 sling bullets
 i - 13 javelins (quivered)
Armour
 b - a +2 cloak (worn)
   (You found it on level 1 of the Dungeon)
 m - a +0 leather armour (worn)
   (You found it on level 1 of the Dungeon)
 u - a +2 helmet
   (You took it off Robin on level 3 of the Dungeon)
 v - a cursed +0 helmet (worn)
   (You found it on level 3 of the Dungeon)
Jewellery
 g - an uncursed amulet of faith {unknown}
   (You found it on level 2 of the Dungeon)
 n - a +3 ring of protection {unknown}
   (You found it on level 2 of the Dungeon)
 o - an uncursed ring of flight {unknown}
   (You found it on level 2 of the Dungeon)
 p - a cursed ring of loudness {unknown}
   (You found it on level 3 of the Dungeon)
Wands
 c - a wand of disintegration (17)
   (You found it on level 3 of the Dungeon)
Scrolls
 h - 3 scrolls of teleportation {unknown}
 j - a scroll of remove curse {unknown}
 l - 4 scrolls of identify {unknown}
 w - 2 scrolls of magic mapping {unknown}
 x - a scroll of enchant armour {unknown}
 y - a scroll of amnesia {unknown}
 z - a scroll of fog {unknown}
Potions
 k - a potion of agility {unknown}
 q - 3 potions of heal wounds {unknown}
 r - a potion of flight {unknown}
 s - a potion of curing {unknown}
 t - a potion of degeneration {unknown}
 A - 2 potions of might {unknown}
Comestibles
 e - 11 rations


   Skills:
 - Level 1.7 Dodging
 - Level 1.7 Stealth
 - Level 2.5 Spellcasting
 + Level 4.1 Conjurations
 + Level 4.1 Fire Magic


You had 5 spell levels left.
You knew the following spells:

 Your Spells              Type           Power        Failure   Level  Hunger
a - Flame Tongue          Conj/Fire      ###..        3%          1    None
d - Conjure Flame         Conj/Fire      ###.....     10%         3    ###....

Your spell library contained the following spells:

 Spells                   Type           Power        Failure   Level  Hunger
 Fireball                 Conj/Fire      ###.......   67%         5    ######.
 Throw Flame              Conj/Fire      ###...       4%          2    ##.....
 Sticky Flame             Conj/Fire      ###.....     32%         4    ####...
 Inner Flame              Hex/Fire       ##......     24%         3    ###....


Dungeon Overview and Level Annotations

Branches:
Dungeon (4/15)
 Temple: D:4-7


Innate Abilities, Weirdness & Mutations

You have an increased reservoir of magic. (+10% MP)


Message History

e - 11 rations (gained 1)
A black bear comes into view.
Found a stone staircase leading down.
A black bear is nearby!
A black bear is nearby!
A black bear is nearby!
Aim: a black bear (resting)
The flame tongue hits the black bear.
The black bear growls angrily.
You hear a shout!
An orc comes into view. It is wielding a dagger.
You now have 10/11 mp.
Aim: a black bear (moderately wounded)
The flame tongue hits the black bear.
The black bear bites you but does no damage.
The black bear barely misses you.
The black bear claws you but does no damage.
You now have 9/11 mp.
Aim: a black bear (moderately wounded)
The flame tongue hits the black bear.
The black bear misses you. The black bear claws you. x2
You take 7 damage, and have 31/38 hp.
You now have 8/11 mp.
Aim: a black bear (heavily wounded)
The flame tongue hits the black bear.
An orc comes into view.
The black bear goes berserk!
An orc comes into view. It is wielding a hand axe.
You now have 7/11 mp.
Aim: a black bear (severely wounded, berserk, fast, unusually strong)
The flame tongue hits the black bear.
The orc shouts!
The black bear barely misses you. The black bear claws you. x2
The black bear bites you but does no damage.
The black bear claws you. x2
You take 8 damage, and have 23/38 hp.
MASSIVE DAMAGE!!
You now have 6/11 mp.
Aim: a black bear (severely wounded, berserk, fast, unusually strong)
The flame tongue hits the black bear.
The black bear bites you. The black bear closely misses you.
The black bear claws you.
* * * LOW HITPOINT WARNING * * *
You take 5 damage, and have 18/38 hp.
You now have 5/11 mp.
Aim: a black bear (severely wounded, berserk, fast, unusually strong)
The flame tongue hits the black bear.
The black bear bites you.
* * * LOW HITPOINT WARNING * * *
The black bear claws you but does no damage.
The black bear closely misses you. The black bear bites you!
* * * LOW HITPOINT WARNING * * *
The black bear closely misses you. The black bear barely misses you.
You take 12 damage, and have 6/38 hp.
MASSIVE DAMAGE!!
Aim: a black bear (almost dead, berserk, fast, unusually strong)
The flame tongue hits the black bear.
The black bear bites you!
You die...

.........# #..###.#
.........# #..# #.#
.........## #..# #.#
..........# #..# #.#
........#.# ##..###.#
#########.###.......#
#..##..####.#
##.##..####.#
#@.#.......#
##h#..#.####
#..o...#.##.#
#.#o.#.#.[..#
#.##.#.####.# # #...#
#.# ##..# #.#######
.. #........ .>#
#########


You could see a black bear (berserk) and 2 orcs.

Vanquished Creatures
  A centaur skeleton (D:4)
  A hound (D:4)
  A worker ant (D:4)
  Robin (D:3)
  4 gnolls (D:3)
  7 adders
  An ooze (D:3)
  3 worms
  2 dart slugs
  5 leopard geckos
  3 orcs (D:3)
  A ball python (D:1)
  5 bats
  3 giant cockroaches
  15 goblins
  10 hobgoblins
  2 jackals (D:4)
  4 frilled lizards
  5 kobolds
  A leopard gecko skeleton (D:4)
  3 rats
78 creatures vanquished.

Notes
Turn   | Place    | Note
-------+----------+-------------------------------------------
     0 | D:1      | 8fpsbossfight the Demigod Fire Elementalist began the quest for the Orb.
     0 | D:1      | Reached XP level 1. HP: 14/14 MP: 5/5
   105 | D:1      | Reached skill level 1 in Conjurations
   416 | D:1      | Reached XP level 2. HP: 20/20 MP: 5/7
   878 | D:2      | Found an iron altar of Okawaru.
   890 | D:2      | Reached XP level 3. HP: 26/26 MP: 5/8
  1981 | D:3      | Reached XP level 4. HP: 31/33 MP: 2/9
  2278 | D:3      | Noticed Robin
  2320 | D:3      | Killed Robin
  2850 | D:3      | Reached XP level 5. HP: 38/38 MP: 7/10
  3516 | D:4      | Learned a level 3 spell: Conjure Flame
  3853 | D:4      | Noticed a black bear
  3862 | D:4      | Slain by a black bear

Vault maps used:
D:1:      lightli_arrival_noodles
D:2:      lemuel_doored_altar, st_stairs_9, uniq_crazy_yiuf_cottage
D:3:      first_ration, uniq_robin

Skill      XL: |  1  2  3  4  5 |
---------------+----------------+-----
Conjurations   | 1 2 3 4 |  4.1
Fire Magic     | 3 4 |  4.1
Spellcasting   | 2 |  2.5
Dodging        | |  1.7
Stealth        | |  1.7

Action                   |  1- 3 |  4- 6 || total
-------------------------+-------+-------++-------
Melee: Whip              |    24 |     9 ||    33
 Cast: Flame Tongue      |    82 |    85 ||   167
  Eat: Chunk             |     2 |     6 ||     8
       Ration            |     1 |       ||     1
Armor: Robe              |     6 |       ||     6
       Leather armour    |     9 |    19 ||    28
Dodge: Dodged            |    30 |    30 ||    60

Table legend:
 A = Spawn XP
 B = Non-spawn XP
 C = Spawn XP percentage of total XP
 D = Spawn monster count
 E = Non-spawn monster count
 F = Spawn count percentage of total count
 G = Total turns spent on level
                    A         B        C        D         E        F      G
               +---------+---------+-------+---------+---------+-------+---------
         Total |       0 |     411 |   0.0 |       0 |      78 |   0.0 |  3862
               +---------+---------+-------+---------+---------+-------+---------
           D:1 |       0 |      35 |   0.0 |       0 |      18 |   0.0 |   867
           D:2 |       0 |      50 |   0.0 |       0 |      13 |   0.0 |   850
           D:3 |       0 |     174 |   0.0 |       0 |      37 |   0.0 |  1761
           D:4 |       0 |     152 |   0.0 |       0 |      10 |   0.0 |   384
               +---------+---------+-------+---------+---------+-------+---------
